 Dungeon Crawl Stone Soup version 0.23-a0-171-g5ae17c6 (console) character file.

13478 TAS2012 the Prestidigitator (level 11, -17/85 HPs)
             Began as a Mummy Fighter on Sept 14, 2018.
             Was an Initiate of Gozag.
             Shot with a bolt by an orc warlord (20 damage)
             ... on level 1 of the Orcish Mines.
             The game lasted 00:59:18 (16453 turns).

TAS2012 the Prestidigitator (Mummy Fighter)        Turns: 16453, Time: 00:59:19

Health: -17/85     AC: 21    Str: 30    XL:     11   Next: 76%
Magic:  0/17       EV: 21    Int:  7    God:    Gozag
Gold:   259        SH:  6    Dex: 18    Spells: 16/16 levels left

rFire    + . .     SeeInvis .   J - +3 staff {rElec rF++ rC++ MR++ AC+5}
rCold    + + +     Gourm    .   y - +1 buckler "Ranyneli" {Slay+3 Stlth+}
rNeg     + + +     Faith    .   A - +0 chain mail
rPois    ∞         Spirit   +   (no helmet)
rElec    +         Reflect  .   m - +2 cloak
rCorr    +         Harm     .   z - +2 pair of gloves {Str+3}
MR       ++...                  (no boots)
Stlth    ++........             h - amulet of guardian spirit
HPRegen  0.24/turn              w - ring of Ruetoq Lazi {rElec rC+++ MR- EV+5}
MPRegen  0.15/turn              D - ring of resist corrosion

@: mighty, agile, very slightly contaminated
A: no food or potions, fire vulnerability, cold resistance 1, negative energy
resistance 3, torment resistance, unbreathing
a: Potion Petition, Call Merchant, Bribe Branch, Renounce Religion


You were on level 1 of the Orcish Mines.
You worshipped Gozag.
Gozag was aware of your devotion.
You were not hungry.

You visited 3 branches of the dungeon, and saw 13 of its levels.
You also visited: Ossuary.

You collected 2465 gold pieces.
You spent 1774 gold pieces at shops.
You paid 432 gold pieces to Gozag.

Inventory:

Hand Weapons
 a - a +0 flail
 q - a +0 dagger of venom
 r - a +4 flail of crushing
 x - a +0 whip of freezing
 E - a +2 whip of electrocution
 J - the +3 Elemental Staff (weapon) {rElec rF++ rC++ MR++ AC+5}
   (You bought it in a shop on level 5 of the Dungeon)

   It affects your AC (+5).
   It greatly protects you from fire.
   It greatly protects you from cold.
   It insulates you from electricity.
   It affects your resistance to hostile enchantments.
Missiles
 e - 51 poisoned needles
 g - 217 stones (quivered)
 s - 20 tomahawks
 u - 5 needles of sleeping
 B - 8 tomahawks of dispersal
 H - 6 javelins
Armour
 b - a +0 scale mail
 c - a +0 shield
 m - a +2 cloak (worn)
 t - a +0 robe of magic resistance
 y - the +1 buckler "Ranyneli" (worn) {Slay+3 Stlth+}
   (You bought it in a shop on level 5 of the Dungeon)

   It affects your accuracy and damage with ranged weapons and melee attacks
   (+3).
   It makes you more stealthy.
 z - a +2 pair of gloves of strength (worn)
 A - a +0 chain mail (worn)
Jewellery
 h - an amulet of guardian spirit (around neck)
 w - the ring of Ruetoq Lazi (left hand) {rElec rC+++ MR- EV+5}
   (You found it on level 4 of the Dungeon)

   [ring of evasion]

   It affects your evasion (+5).
   It renders you almost immune to cold.
   It insulates you from electricity.
   It affects your resistance to hostile enchantments.
 D - a ring of resist corrosion (right hand)
Wands
 p - a wand of iceblast (18)
 C - a wand of flame (16)
 F - a wand of polymorph (9)
Scrolls
 d - 8 scrolls of remove curse
 f - 2 scrolls of enchant armour
 i - 3 scrolls of amnesia
 j - a scroll of fear
 k - 7 scrolls of teleportation
 l - 9 scrolls of immolation
 n - a scroll of fog
 o - a scroll of enchant weapon
 v - 2 scrolls of magic mapping
 I - a scroll of brand weapon


   Skills:
 - Level 7.7 Fighting
 - Level 6.0(6.8) Maces & Flails
 + Level 4.8(6.2) Staves
 - Level 3.0 Throwing
 - Level 6.3 Armour
 - Level 3.0 Dodging
 - Level 3.2 Stealth
 - Level 4.1 Shields
 - Level 3.0 Spellcasting
 - Level 9.1 Evocations


You had 16 spell levels left.
You didn't know any spells.
Your spell library contained the following spells:

 Spells                   Type           Power        Failure   Level  Hunger
 Magic Dart               Conj           #...         83%         1    N/A
 Searing Ray              Conj           #.....       93%         2    N/A
 Sticks to Snakes         Tmut           #.......     93%         2    N/A
 Dazzling Spray           Conj/Hex       #.....       99%         3    N/A
 Force Lance              Conj/Tloc      #.......     100%        4    N/A
 Fulminant Prism          Conj/Hex       #.........   100%        4    N/A
 Iskenderun's Mystic Bla  Conj           #.......     100%        4    N/A
 Beastly Appendage        Tmut           Unusable     N/A         1    N/A
 Spider Form              Tmut/Pois      Unusable     N/A         3    N/A
 Ice Form                 Ice/Tmut       Unusable     N/A         4    N/A
 Blade Hands              Tmut           Unusable     N/A         5    N/A

Dungeon Overview and Level Annotations

Branches:
Dungeon (10/15)            Temple (1/1) D:5             Orc (2/2) D:9
   Lair: D:8-11         Elf: Orc:2

Altars:
Ashenzari
Cheibriados
Dithmenos
Elyvilon
Fedhas
Gozag
Hepliaklqana
Kikubaaqudgha
Makhleb
Nemelex Xobeh
Okawaru
Qazlal
Ru
Sif Muna
Trog
Uskayaw
Vehumet
Wu Jian
Xom
Yredelemnul
Zin
The Shining One

Shops:
D:5 *   D:7 :

Annotations:
D:8 2 transporters, CasualChangeling's ghost, novice DrFE
D:10 !fire dragon fire giant deep troll
Orc:1 1 runed door, Qapnocwe's ghost, journeyman GrFi


Innate Abilities, Weirdness & Mutations

You do not eat or drink.
Your flesh is vulnerable to fire.
You are immune to poison.
Your flesh is cold resistant. (rC+)
You are immune to negative energy. (rN+++)
You are immune to unholy pain and torment.
You can survive without breathing.


Message History

You closely miss the deep elf mage.
The orc warlord shoots a bolt.
The bolt The bolt hits the earth elemental!
The deep elf mage casts a spell.
The deep elf mage blinks!
The earth elemental barely misses you.
The deep elf mage points at you and mumbles some strange words.
The stone arrow hits you!
The orc warlord shoots a bolt.
The bolt completely The bolt hits the earth elemental!!
The earth elemental is destroyed!
The deep elf mage gestures at you while chanting.
The stone arrow misses you. The earth elemental hits you!!
* * * LOW HITPOINT WARNING * * *
Blink to where?
Press: ? - help, Dir - move target cursor You are very lightly contaminated with residual magic.
As you read the scroll of blinking, it crumbles to dust.
The deep elf mage gestures wildly while chanting.
The deep elf mage blinks!
The orc warlord shoots a bolt.
The bolt hits you!!
You die...
Your body crumbles into a pile of gold.

·▒···▒▒····▒o▒▒·▒▒····▒▒
▒·········▒···▒▒▒▒))···▒
▒·······▒e···▒▒▒·))··▒▒
▒▒▒···········▒·······▒▒▒ ▒
▒▒▒······▒·▒·▒·····▒▒·▒▒ ▒▒
▒········▒··))··▒▒▒···▒ ▒▒▒ ▒▒·
▒▒·▒·▒········[·▒▒▒···▒ ▒▒·▒▒▒··
▒▒·▒▒▒········[·▒▒·····▒ ▒▒▒···▒▒··
▒▒····▒▒········▒▒·····▒▒
▒▒·▒▒··▒▒··
▒▒▒▒▒·······················▒▒▒▒▒
▒▒···▒······
▒▒·▒··▒··▒··$···o·············▒▒·▒▒
▒▒·▒·▒▒······
▒▒········▒··(···············^·····▒
▒····▒▒······
▒················▒················▒▒
▒▒···········
▒▒▒▒◼▒▒·········▒··················▒
▒············
▒·oW▒····(·E§·····@·············▒▒
▒▒▒▒▒ ▒▒▒············
▒/?·▒▒▒·(·······················▒▒
▒▒·▒·▒▒▒▒·▒············
▒·$·▒▒···························▒
▒▒·····▒▒···············
▒▒▒▒▒▒··························▒▒
▒······▒▒▒··············
▒···························▒▒
▒▒··▒···▒▒··············
▒▒···························▒
▒▒······▒▒···············
▒▒····▒············▒········▒
▒▒··)·················[···
▒······▒···················▒▒
▒···▒·····················
▒▒····················▒▒·▒▒▒
▒▒·▒▒···············<>)···
▒▒··▒·▒▒·▒·····▒▒···▒▒▒▒▒
▒▒▒▒▒·▒······▒▒·▒····)·▒·
▒▒▒▒▒▒▒▒▒▒▒▒▒▒▒▒▒▒▒▒
▒▒▒▒▒▒▒▒▒▒▒▒▒▒▒▒▒▒▒▒▒


You could see an orc warlord and an earth elemental.

Vanquished Creatures
  An ogre mage (D:10)
  A two-headed ogre (D:8)
  3 orc high priests
  A flayed ghost (D:10)
  Pikel (D:5)
  An ugly thing (D:10)
  An orc knight (Orc:1)
  An orc sorcerer (Orc:1)
  2 gargoyles (D:10)
  Grinder (D:4)
  A troll (D:10)
  A hippogriff (D:7)
  A spriggan (D:7)
  4 yaks
  2 vampire mosquitoes (D:10)
  Menkaure (D:5)
  A warg (Orc:2)
  A soldier ant (D:10)
  Duvessa (D:5)
  A black bear (D:7)
  2 sky beasts
  17 orc warriors
  An ice beast (D:10)
  11 ogres
  3 phantoms (D:5)
  2 centaurs
  3 big kobolds (D:7)
  2 bullfrogs
  A gnoll sergeant (D:9)
  5 scorpions
  Dowan (D:5)
  3 killer bees (D:10)
  5 howler monkeys
  3 crimson imps
  2 human zombies (Ossuary)
  3 centaur zombies
  2 hounds (D:9)
  5 orc priests
  4 jellies
  2 bullfrog skeletons
  4 worker ants
  Ijyb (D:3)
  3 iguanas
  4 orc wizards
  2 killer bee zombies
  4 mummies (Ossuary)
  A howler monkey zombie (D:5)
  4 gnolls (D:9)
  6 adders
  4 shadow imps
  3 oozes
  An adder zombie (D:9)
  2 worms
  A dart slug (D:5)
  6 leopard geckos
  37 orcs
  8 bats
  8 giant cockroaches
  A gnoll zombie (Ossuary)
  5 goblins
  7 hobgoblins
  10 jackals
  2 quokkas
  3 ball pythons
  A frilled lizard (D:3)
  A goblin zombie (Ossuary)
  2 hobgoblin zombies (Ossuary)
  15 kobolds
  4 quokka skeletons
  A quokka zombie (D:10)
  6 rats
261 creatures vanquished.

Vanquished Creatures (others)
  2 plants (D:1)
2 creatures vanquished.

Grand Total: 263 creatures vanquished

Notes
Turn   | Place    | Note
-------+----------+-------------------------------------------
     0 | D:1      | TAS2012 the Mummy Fighter began the quest for the Orb.
     0 | D:1      | Reached XP level 1. HP: 18/18 MP: 1/1
   267 | D:1      | Reached XP level 2. HP: 18/24 MP: 2/2
  1071 | D:2      | Reached XP level 3. HP: 24/29 MP: 3/3
  1705 | D:2      | Reached XP level 4. HP: 18/35 MP: 2/4
  1884 | D:2      | Found a radiant altar of Vehumet.
  1941 | D:2      | Found an opulent altar of Gozag.
  1986 | D:2      | Became a worshipper of Gozag Ym Sagoz the Greedy
  2696 | D:3      | Noticed Ijyb
  2711 | D:3      | Killed Ijyb
  2798 | D:3      | Reached XP level 5. HP: 37/41 MP: 3/5
  2850 | D:3      | Found an opulent altar of Gozag.
  3913 | D:4      | Got a coiled amber ring
  3914 | D:4      | Identified the ring of Ruetoq Lazi {rElec rC+++ MR- EV+5}
                  | (You found it on level 4 of the Dungeon)
  4192 | D:4      | Found an ornate altar of the Wu Jian Council.
  4268 | D:4      | Noticed an ogre
  4277 | D:4      | Killed an ogre
  4277 | D:4      | Reached skill level 5 in Maces & Flails
  4277 | D:4      | Reached XP level 6. HP: 34/47 MP: 4/6
  4626 | D:4      | Noticed Grinder
  4653 | D:5      | Entered Level 5 of the Dungeon
  4746 | D:5      | Found a staircase to the Ecumenical Temple.
  4750 | D:5      | Noticed Menkaure
  4761 | D:5      | Noticed Duvessa
  4761 | D:5      | Noticed Dowan
  4766 | D:5      | Found Pubag's General Store.
  4777 | D:5      | Noticed a sky beast
  4812 | D:4      | Killed a sky beast
  4812 | D:4      | Reached skill level 1 in Dodging
  4898 | D:5      | Reached XP level 7. HP: 51/52 MP: 7/7
  5053 | D:5      | Found a snail-covered altar of Cheibriados.
  5230 | D:5      | Reached skill level 1 in Evocations
  5367 | D:5      | Killed Dowan
  5367 | D:5      | Reached skill level 2 in Evocations
  5493 | D:5      | Noticed Pikel
  5520 | D:5      | Killed Pikel
  5520 | D:5      | Reached skill level 4 in Evocations
  5520 | D:5      | Reached XP level 8. HP: 42/58 MP: 5/11
  5628 | D:6      | Found a sand-covered staircase.
  5637 | Ossuary  | Entered an ossuary
  5773 | Ossuary  | Reached skill level 1 in Stealth
  6212 | D:6      | You fall through a shaft!
  6514 | D:5      | Bought the +1 buckler "Ranyneli" {Slay+3 Stlth+} for 446
                  | gold pieces
  6726 | D:4      | Paralysed by Grinder for 5 turns
  6738 | D:4      | Killed Grinder
  6893 | D:5      | Killed Menkaure
  6994 | D:5      | Reached XP level 9. HP: 65/65 MP: 12/12
  7077 | D:5      | Killed Duvessa
  7283 | D:5      | Found a blossoming altar of Fedhas.
  7400 | Temple   | Entered the Ecumenical Temple
  7591 | D:6      | Found a sparkling altar of Nemelex Xobeh.
  7659 | D:6      | Reached skill level 5 in Fighting
  7874 | D:6      | Found a white marble altar of Elyvilon.
  7927 | D:6      | Found an iron altar of Okawaru.
  8168 | D:7      | Found a basalt altar of Yredelemnul.
  8168 | D:7      | Found a glowing silver altar of Zin.
  8269 | D:7      | Found a bloodstained altar of Trog.
  8803 | D:7      | Found a shattered altar of Ashenzari.
  8818 | D:7      | Found Neodydod's Book Shop.
  9259 | D:8      | Noticed a fire dragon
  9259 | D:8      | Noticed CasualChangeling's ghost (novice DrFE)
  9261 | D:8      | Found a transporter.
  9423 | D:8      | Reached skill level 5 in Armour
  9495 | D:8      | Found a transporter.
  9647 | D:8      | Noticed a two-headed ogre
  9655 | D:8      | Killed a two-headed ogre
  9661 | D:8      | Reached XP level 10. HP: 51/76 MP: 10/13
  9956 | D:9      | Reached skill level 1 in Throwing
 10453 | D:9      | Reached skill level 1 in Spellcasting
 10822 | D:9      | Reached skill level 5 in Evocations
 10938 | D:9      | Found a staircase to the Orcish Mines.
 11102 | D:9      | Found a shadowy altar of Dithmenos.
 11214 | D:10     | Entered Level 10 of the Dungeon
 11327 | D:10     | Noticed a brown ugly thing
 11327 | D:10     | Noticed an ogre mage
 11339 | D:10     | Paralysed by an ogre mage for 6 turns
 11706 | D:10     | Reached skill level 6 in Evocations
 11801 | D:10     | Killed a brown ugly thing
 11889 | D:10     | Noticed a gargoyle
 11899 | D:10     | Killed a gargoyle
 11899 | D:10     | Reached skill level 7 in Evocations
 11936 | D:10     | Noticed a flayed ghost
 11945 | D:10     | Killed a flayed ghost
 11979 | D:10     | Noticed a deep troll
 12224 | D:10     | Noticed a gargoyle
 12231 | D:10     | Killed a gargoyle
 12231 | D:10     | Reached skill level 8 in Evocations
 12465 | D:10     | Reached XP level 11. HP: 77/81 MP: 15/17
 12526 | D:10     | Killed an ogre mage
 12667 | D:10     | Noticed a fire dragon
 12672 | D:10     | Noticed a fire giant
 12792 | Orc:1    | Entered Level 1 of the Orcish Mines
 12792 | Orc:1    | Noticed an orc high priest
 12792 | Orc:1    | Noticed an orc high priest
 13304 | D:9      | Killed an orc high priest
 13304 | D:9      | Reached skill level 9 in Evocations
 13393 | D:9      | Found a shadowy altar of Dithmenos.
 14728 | Orc:1    | Noticed a sixfirhy
 14733 | Orc:1    | Killed an orc high priest
 14951 | Orc:2    | Entered Level 2 of the Orcish Mines
 15196 | D:5      | Bought the +3 Elemental Staff {rElec rF++ rC++ MR++ AC+5}
                  | for 1328 gold pieces
 15196 | D:5      | Found the +3 Elemental Staff {rElec rF++ rC++ MR++ AC+5}
 15519 | Orc:2    | Reached skill level 1 in Staves
 15539 | Orc:1    | Noticed an orc high priest
 15604 | Orc:2    | Killed an orc high priest
 15758 | Orc:1    | Noticed an orc sorcerer
 15763 | Orc:1    | Noticed a soul eater
 15766 | Orc:1    | Killed an orc sorcerer
 15927 | Orc:1    | Noticed an orc knight
 15957 | Orc:1    | Killed an orc knight
 16037 | Orc:1    | Found a runed door.
 16037 | Orc:1    | Noticed Qapnocwe's ghost (journeyman GrFi)
 16037 | Orc:1    | Noticed an orc sorcerer
 16083 | Orc:1    | Noticed an orc warlord
 16083 | Orc:1    | Noticed an orc high priest
 16083 | Orc:1    | Noticed an orc warlord
 16083 | Orc:1    | Noticed a deep elf knight
 16083 | Orc:1    | Noticed an orc warlord
 16422 | Orc:1    | Noticed a deep elf mage
 16451 | Orc:1    | HP: 3/85 [earth elemental[a deep elf mage] (24)]
 16453 | Orc:1    | Shot with a bolt by an orc warlord

Vault maps used:
D:1:      onia_arrival_mini_spirals, minivault_4, lexackson_kobold_supper
D:2:      nicolae_overflow_crystal_walls, vehumet_crystals
D:3:      first_ration, grunt_gozag_statues, uniq_ijyb
D:4:      kennysheep_mini_moat, serial_forest, infiniplex_forest_lined_3,
          infiniplex_forest_straight_1, infiniplex_forest_clump_small,
          infiniplex_forest_clump_diagonal, infiniplex_forest_corner_2,
          infiniplex_forest_straight_2, infiniplex_forest_lined_room_2,
          infiniplex_forest_clump_small, minmay_misc_feat_chi, uniq_grinder
D:5:      cheibrodos_worm_habitat, kennysheep_little_box,
          minmay_temple_entry_grid, serial_shops, shop, uniq_pikel,
          uniq_menkaure, uniq_duvessa
D:6:      lemuel_doored_altar, kennysheep_okawaru_gauntlet, elyvilon_altar_1,
          nicolae_ossuary_entry_ruins
D:7:      ashenzari_conservatory_becter, nicolae_overflow_hidden_temple,
          serial_shops, nicolae_shop_behind_doors, serial_glass,
          glass_columns_a, glass_columns_b, the_bakery,
          minmay_unpleasant_kobolds
D:8:      gammafunk_ghost_arena
D:9:      lemuel_coloured_pillars_altar, orc_0_dummy
D:10:     minmay_sliced_demisemicircle
Temple:   nicolae_temple_figure_zero
Orc:1:    lemuel_ogre_cave, ebering_ghost_inner_flame, elf_legates
Orc:2:    st_orc_mages, uniq_azrael
Ossuary:  ossuary_crypta

Skill      XL: |  1  2  3  4  5  6  7  8  9 10 11 |
---------------+----------------------------------+-----
Maces & Flails | 2 3 4 5 6 |  6.0
Dodging        | 1 3 |  3.0
Shields        | 3 4 |  4.1
Evocations     | 4 8 9 |  9.1
Stealth        | 3 |  3.2
Fighting       | 4 6 7 |  7.7
Armour         | 6 |  6.3
Throwing       | 3 |  3.0
Spellcasting   | 3 |  3.0
Staves         | 4 |  4.8

Action                   |  1- 3 |  4- 6 |  7- 9 | 10-12 || total
-------------------------+-------+-------+-------+-------++-------
Melee: Flail             |    86 |   168 |   437 |   233 ||   924
       Mace              |   100 |    22 |       |       ||   122
       Whip              |       |       |       |   109 ||   109
       Staff             |       |       |       |   112 ||   112
Throw: Stone             |       |     5 |    17 |     8 ||    30
       Tomahawk          |       |       |    14 |     8 ||    22
       Javelin           |       |       |       |    14 ||    14
Invok: Potion Petition   |       |       |       |     2 ||     2
  Use: Scroll            |     2 |    10 |     3 |     7 ||    22
Armor: Scale mail        |   117 |    75 |    34 |       ||   226
       Chain mail        |       |       |    82 |   158 ||   240
Dodge: Dodged            |    87 |    46 |   216 |   393 ||   742
Block: Shield            |   107 |    62 |    75 |       ||   244
       Buckler           |       |       |    64 |   149 ||   213

Table legend:
 A = Non-vault XP
 B = Vault XP
 C = Vault XP percentage of total XP
 D = Non-vault monster count
 E = Vault monster count
 F = Vault count percentage of total count
                 A         B        C        D         E       F
            +---------+---------+-------+---------+---------+-------
      Total |   13974 |    5281 |  27.4 |     219 |      42 |  16.1
            +---------+---------+-------+---------+---------+-------
        D:1 |      23 |      12 |  34.3 |      14 |       7 |  33.3
        D:2 |      97 |       0 |   0.0 |      26 |       0 |   0.0
        D:3 |      32 |      35 |  52.2 |      15 |       1 |   6.2
        D:4 |     411 |     286 |  41.0 |      10 |       1 |   9.1
        D:5 |     596 |    1007 |  62.8 |      12 |       5 |  29.4
        D:6 |     554 |       4 |   0.7 |      20 |       2 |   9.1
        D:7 |     688 |     535 |  43.7 |       9 |       7 |  43.8
        D:8 |    1229 |       0 |   0.0 |       6 |       0 |   0.0
        D:9 |    3785 |       0 |   0.0 |      44 |       0 |   0.0
       D:10 |    1889 |    3016 |  61.5 |      20 |       6 |  23.1
      Orc:1 |    3225 |     133 |   4.0 |      27 |       1 |   3.6
      Orc:2 |    1445 |       0 |   0.0 |      16 |       0 |   0.0
    Ossuary |       0 |     253 | 100.0 |       0 |      12 | 100.0
            +---------+---------+-------+---------+---------+-------
